Map: Ascension to Aiur LE

Players

Chubby

  • Race: Terran Terran
  • League: Platinum
  • Spawn Location: 11:00

Yata

  • Race: Terran Terran
  • League: Silver
  • Spawn Location: 5:00

Baseball

  • Race: Protoss Protoss
  • League: Silver

Myhome

  • Race: Protoss Protoss
  • League: Diamond

VOD

Have the link to the VOD?

Description

Time

  • Played on: Aug. 26, 2017, 9:39 p.m.
  • Length: 11:00
Show
View Real Time Build Order
Export as new Build Order

Chubby Terran 

Build Orders:  

Get SALT Encoding   

  12  0:09  Supply Depot  
  12  0:14  SCV  
  13  0:26  SCV  
  14  0:37  Supply Depot  
  14  0:39  SCV  
  15  0:42  Refinery  
  15  0:56  Barracks  
  15  1:05  Supply Depot  
  15  1:10  SCV  
  16  1:16  Refinery  
  16  1:22  SCV  
  17  1:31  Engineering Bay  
  17  1:44  SCV  
  18  1:51  Barracks  
  18  1:52  Marine  
  19  2:02  Engineering Bay  
  19  2:11  Orbital Command  
  19  2:16  Marine  
  20  2:34  Marine  
  21  2:38  Barracks  
  21  2:52  Marine  
  21  3:18  Marine x2  
  23  3:25  Terran Infantry Weapons Level 1  
  23  3:31  SCV  
  24  3:35  Marine  
  24  3:36  Marine  
  24  3:41  Factory  
  26  3:51  Barracks  
  26  3:53  Marine  
  26  3:54  Marine  
  28  3:55  Barracks  
  28  4:11  Marine  
  28  4:12  Marine  
  30  4:20  Marine  
  31  4:29  Marine x2  
  33  4:38  Marine  
  33  4:47  Marine x2  
  35  4:56  Marine  
  32  5:02  Factory Reactor  
  32  5:05  Marine x2  
  34  5:12  Marine  
  34  5:14  Marine  
  36  5:22  Marine  
  36  5:23  Marine  
  38  5:30  Marine  
  38  5:33  Marine  
  39  5:40  Marine  
  39  5:42  Marine  
  39  5:48  Supply Depot  
  38  5:55  Barracks Reactor  
  38  6:05  Marine  
  38  6:09  Marine x3  
  38  6:10  Hellion  
  40  6:23  Marine  
  32  6:27  Marine x3  
  30  6:39  Hellion  
  26  6:40  Marine x2  
  26  6:47  Marine x4  
  27  7:04  Marine  
  27  7:05  Marine x3  
  26  7:22  Marine, SCV  
  27  7:23  Marine x3  
  31  7:46  Supply Depot  
  31  7:56  Supply Depot  
  31  8:08  Hellion x2  
  35  8:29  Hellion  
  27  9:16  Marine  
  27  9:17  Marine  
  26  9:22  Widow Mine  
  26  9:30  Widow Mine  
  28  9:34  Marine  
  8  10:31  SCV  
  9  10:43  SCV  
Show
View Real Time Build Order
Export as new Build Order

Yata Terran 

Build Orders:  

Get SALT Encoding   

  12  0:01  Probe (Chrono Boost)  
  13  0:11  Probe (Chrono Boost)  
  14  0:20  Pylon  
  14  0:24  Probe (Chrono Boost)  
  15  0:38  Probe (Chrono Boost)  
  16  0:48  Gateway  
  16  0:52  Probe (Chrono Boost)  
  17  1:03  Probe (Chrono Boost)  
  18  1:12  Pylon  
  18  1:13  Probe (Chrono Boost)  
  18  1:17  Assimilator  
  19  1:35  Probe (Chrono Boost)  
  20  1:43  Cybernetics Core  
  20  1:48  Gateway  
  20  1:58  Nexus  
  20  2:07  Pylon  
  21  2:20  Adept  
  22  2:35  Assimilator  
  22  2:40  Adept  
  22  2:42  Mothership Core (Chrono Boost)  
  26  2:56  Warp Gate  
  26  3:01  Adept  
  28  3:10  Adept  
  30  3:16  Probe x2 (Chrono Boost)  
  34  3:27  Probe (Chrono Boost)  
  34  3:28  Probe (Chrono Boost)  
  34  3:35  Adept  
  34  3:40  Probe (Chrono Boost)  
  37  3:42  Probe (Chrono Boost)  
  38  3:52  Probe (Chrono Boost)  
  39  4:03  Forge, Probe (Chrono Boost)  
  38  4:25  Adept x2 (Chrono Boost), Pylon  
  42  4:43  Protoss Ground Weapons Level 1  
  40  5:06  Probe x2  
  42  5:10  Adept  
  42  5:11  Adept  
  46  5:18  Probe x2  
  48  5:22  Gateway  
  48  5:26  Pylon  
  48  5:27  Gateway  
  48  5:29  Adept  
  48  5:30  Probe  
  48  5:31  Probe  
  48  5:33  Adept  
  48  5:34  Gateway  
  54  5:42  Probe  
  54  5:43  Probe  
  56  5:55  Probe x2  
  58  5:57  Assimilator  
  58  6:01  Assimilator  
  58  6:07  Photon Cannon, Probe  
  58  6:08  Adept x2  
  63  6:11  Probe  
  62  6:19  Probe  
  62  6:21  Adept  
  57  6:26  Adept x2  
  55  6:33  Photon Cannon  
  55  6:35  Photon Cannon  
  49  6:40  Adept  
  51  6:47  Adept x2  
  51  6:48  Adept  
  51  6:51  Mothership Core  
  55  7:12  Adept x4  
  63  7:30  Protoss Ground Armor Level 1 (Chrono Boost)  
  63  7:36  Pylon  
  63  7:38  Pylon  
  63  7:40  Adept x2  
  63  7:41  Adept  
  69  7:48  Probe (Chrono Boost)  
  69  7:50  Forge  
  70  7:54  Probe (Chrono Boost)  
  70  7:55  Gateway  
  70  7:58  Adept  
  73  8:09  Photon Cannon, Probe x2 (Chrono Boost)  
  73  8:12  Adept x2  
  79  8:13  Adept  
  79  8:19  Pylon, Probe  
  81  8:20  Probe  
  83  8:29  Probe  
  83  8:32  Probe  
  85  8:46  Probe  
  85  8:47  Nexus  
  84  9:21  Robotics Facility  
  84  9:23  Adept x4  
  90  9:24  Adept  
  90  9:47  Twilight Council  
  86  10:00  Probe  
  85  10:11  Probe  
  86  10:17  Stargate  
  86  10:21  Probe  
  86  10:22  Adept x2, Probe  
  86  10:23  Adept x3  
  98  10:32  Probe  
  99  10:42  Probe  
  94  10:53  Nexus  
Show
View Real Time Build Order
Export as new Build Order

Baseball Protoss 

Build Orders:  

Get SALT Encoding   

Show
View Real Time Build Order
Export as new Build Order

Myhome Protoss 

Build Orders:  

Get SALT Encoding   

Tags
 
Add a new tag
Caveats
  • Supply blocks, unpowered buildings, or Contaminate may cause inaccurate times.
  • Supply counts are checked every 10 seconds.